 Dungeon Crawl Stone Soup version 0.28-a0-1234-g826d19b2e0 (webtiles) character file.

Game seed: 13641376456948958910

4065 Lekart the Chopper (level 10, -4/88 HPs)
             Began as a Yellow Draconian Chaos Knight on Dec 24, 2021.
             Was a Plaything of Xom.
             Shot with a sling bullet by something (21 damage)
             ... on level 7 of the Dungeon.
             The game lasted 00:24:55 (7907 turns).

Lekart the Chopper (Yellow Draconian Chaos Knight)  Turns: 7907, Time: 00:24:56

Health: -4/88      AC: 11    Str: 11 (13) XL:     10   Next: 5%
Magic:  10/10      EV: 13    Int:  7 (12) God:    Xom [..*...]
Gold:   327        SH:  0    Dex:  7 (15) Spells: 9/9 levels left

rFire   . . .      SeeInvis .   a - +0 hand axe (chaos)
rCold   . . .      Faith    .   (no shield)
rNeg    . . .      Spirit   .   (armour unavailable)
rPois   .          Reflect  .   b - +1 hat
rElec   .          Harm     .   g - +1 cloak
rCorr   +          Rampage  .   (no gloves)
Will    .....                   k - +0 pair of boots
Stlth   +.........              (no amulet)
HPRegen 1.04/turn               d - ring of wizardry
MPRegen 0.12/turn               (no ring)

@: unable to read
A: spit acid, AC +7, unfitting armour, cold-blooded, acid resistance, antennae
1, deterioration 2, regeneration 1, weak 1, inability to read while threatened,
devolution 1
a: Breathe Acid, Renounce Religion


You were on level 7 of the Dungeon.
You worshipped Xom.
You were a toy of Xom.
You visited 2 branches of the dungeon, and saw 8 of its levels.

You collected 327 gold pieces.

Inventory:

Hand Weapons
 a - a +0 hand axe of chaos (weapon)
 p - a +1 vorpal shortbow
Missiles
 h - 16 poisoned darts (quivered)
 q - 62 arrows
Armour
 b - a +1 hat (worn)
 g - a +1 cloak (worn)
 k - a +0 pair of boots (worn)
Jewellery
 d - a ring of wizardry (left hand)
 j - a ring of fire
Wands
 n - a wand of flame (8)
 o - a wand of polymorph (7)
Scrolls
 f - a scroll of noise
Potions
 c - 2 potions of attraction
 m - a potion of flight


   Skills:
 + Level 7.7 Fighting
 + Level 7.9 Axes
 + Level 6.9 Bows
 + Level 3.0 Throwing
 + Level 6.2 Dodging
 + Level 1.9 Evocations


You had 9 spell levels left.
You didn't know any spells.
Your spell library contained the following spells:

 Spells                   Type           Power      Damage    Failure   Level
 Apportation              Tloc           0%         N/A       19%         1
 Beastly Appendage        Tmut           0%         N/A       19%         1
 Magic Dart               Conj           0%         1d3       19%         1
 Pain                     Necr           0%         1d4       19%         1
 Call Imp                 Summ           0%         N/A       26%         2
 Wereblood                Tmut           0%         N/A       26%         2
 Call Canine Familiar     Summ           0%         N/A       45%         3
 Mephitic Cloud           Conj/Pois/Air  0%         N/A       45%         3
 Portal Projectile        Hex/Tloc       0%         N/A       45%         3
 Spider Form              Tmut/Pois      0%         N/A       45%         3
 Leda's Liquefaction      Hex/Erth       0%         N/A       86%         4
 Agony                    Necr           0%         N/A       99%         5
 Alistair's Intoxication  Tmut/Pois      0%         N/A       99%         5
 Excruciating Wounds      Necr           0%         N/A       99%         5
 Chain Lightning          Conj/Air       0%         N/A       100%        9
 Fire Storm               Conj/Fire      0%         5d1       100%        9
 Shatter                  Erth           0%         3d5*      100%        9


Dungeon Overview and Level Annotations

Branches:
Dungeon (7/15)             Temple (1/1) D:4

Altars:
Ashenzari
Cheibriados
Dithmenos
Elyvilon
Fedhas
Gozag
Hepliaklqana
Kikubaaqudgha
Makhleb
Nemelex Xobeh
Okawaru
Qazlal
Ru
Sif Muna
Trog
Uskayaw
Vehumet
Xom
Yredelemnul
Zin
The Shining One

Shops:
D:6 ((([

Annotations:
D:2 exclusion: downstairs
D:7 Joseph


Innate Abilities, Weirdness & Mutations

You can spit globs of acid.
Your golden yellow scales are hard. (AC +7)
You cannot fit into any form of body armour.
You are cold-blooded and may be slowed by cold attacks.
You are resistant to acid. (rCorr)
You have a pair of small antennae on your head.
Your body often deteriorates upon taking damage.
Your natural rate of healing is unusually fast.
You are weak. (Str -2)
You sometimes lose the ability to read scrolls when taking damage.
You have hidden genetic defects.


Message History

You are too injured to fight recklessly!
You hit Joseph. You burn Joseph.
Joseph is heavily wounded.
Joseph hits you with a +0 quarterstaff!
You hit Joseph. You burn Joseph.
Joseph is heavily wounded.
You barely miss Joseph.
Joseph is heavily wounded.
Joseph hits you with a +0 quarterstaff.
* * * LOW HITPOINT WARNING * * *
You closely miss Joseph. You tail-slap Joseph.
Joseph is severely wounded.
You have got your breath back.
Joseph misses you.
You barely miss Joseph.
Your tail-slap misses Joseph.
Joseph is severely wounded.
Joseph hits you but does no damage.
You hit Joseph. You burn Joseph.
Joseph is severely wounded.
Joseph hits you but does no damage.
You closely miss Joseph.
Joseph is severely wounded.
Joseph hits you with a +0 quarterstaff.
* * * LOW HITPOINT WARNING * * *
You hit Joseph.
Joseph flickers and vanishes!
Deactivating autopickup; reactivate with Ctrl-A.
Xom is highly amused!
Something hits you.
* * * LOW HITPOINT WARNING * * *
You feel better. Something hits you!
* * * LOW HITPOINT WARNING * * *
There is a strange disturbance nearby!
There is a strange disturbance nearby!
A sling bullet appears from out of thin air!
The sling bullet hits you!
* * * LOW HITPOINT WARNING * * *
You emit a cloud of colourful smoke!
A sling bullet appears from out of thin air!
The sling bullet hits you!!
You die...

.( #(#
8.# ..
.#
#.####{#
#..§§§§#
#####§##
#@# #.#
#####.#
#.....#
##.####
#.# #.#
#.#
##.#####


There were no monsters in sight!

Vanquished Creatures
  A two-headed ogre (D:6)
  A hornet (D:6)
  Duvessa (D:4)
  An orc warrior (D:6)
  A necrophage (D:4)
  A sky beast (D:6)
  A black bear (shapeshifter) (D:6)
  7 ogres
  2 centaurs
  A kobold brigand (D:6)
  2 gnoll sergeants (D:6)
  A scorpion (D:6)
  A water moccasin zombie (D:5)
  Dowan (D:4)
  5 howler monkeys
  9 hounds
  A jelly (D:5)
  6 orc priests
  A centaur skeleton (D:5)
  3 iguanas
  5 orc wizards
  A hound zombie (D:5)
  10 adders
  10 gnolls
  A white imp (D:6)
  An adder skeleton (D:4)
  2 worms
  13 dart slugs
  24 orcs
  6 ball pythons
  5 bats
  7 endoplasms
  2 giant cockroaches (D:2)
  5 goblins
  8 hobgoblins
  5 quokkas
  2 frilled lizards
  3 kobolds (D:1)
  7 rats
164 creatures vanquished.

Vanquished Creatures (collateral kills)
  2 orc warriors (D:6)
  A kobold brigand (D:6)
  A gnoll sergeant (D:6)
  3 howler monkeys (D:6)
  3 hounds (D:6)
  A gnoll shaman (D:6)
11 creatures vanquished.

Vanquished Creatures (others)
  An ice beast (D:5)
  A scorpion (D:5)
  2 orc wizards (D:6)
  2 gnolls (D:6)
  7 demonic plants (D:1)
  9 fungi
  6 plants
  2 withered plants (D:1)
30 creatures vanquished.

Grand Total: 205 creatures vanquished

Notes
Turn   | Place    | Note
-------+----------+-------------------------------------------
     0 | D:1      | Lekart the Draconian Chaos Knight began the quest for the
                  | Orb.
     0 | D:1      | Reached XP level 1. HP: 19/19 MP: 1/1
   149 | D:1      | Reached XP level 2. HP: 26/26 MP: 2/2
   215 | D:1      | XOM: silly message
   273 | D:1      | Found a faded altar of an unknown god.
   452 | D:1      | XOM: 2-stop teleportation journey
   949 | D:2      | XOM: swap monsters
   970 | D:2      | Reached XP level 3. HP: 10/33 MP: 3/3
  1093 | D:2      | XOM: divination: magic mapping
  1124 | D:2      | XOM: give mutations
  1124 | D:2      | Gained mutation: Your body sometimes deteriorates upon
                  | taking damage. [Xom's mischief]
  1124 | D:2      | Gained mutation: Your body often deteriorates upon taking
                  | damage. [Xom's mischief]
  1126 | D:2      | XOM: 3-stop teleportation journey
  1413 | D:2      | Reached XP level 4. HP: 28/40 MP: 4/4
  1700 | D:2      | XOM: summons 3 hostile demons
  1818 | D:2      | XOM: 3-stop teleportation journey
  2297 | D:3      | Noticed a centaur
  2423 | D:3      | XOM: silly message
  2432 | D:3      | Reached skill level 1 in Throwing
  2432 | D:3      | Reached XP level 5. HP: 46/46 MP: 5/5
  2450 | D:3      | Noticed a water elemental
  2538 | D:3      | Found a stormy altar of Qazlal.
  2548 | D:3      | Noticed a fire elemental
  2551 | D:3      | Noticed an air elemental
  2679 | D:3      | XOM: noise
  2746 | D:3      | XOM: enchant monster (bad)
  2750 | D:3      | XOM: smoke on damage
  2752 | D:3      | Killed a centaur
  2753 | D:3      | Reached XP level 6. HP: 30/53 MP: 6/6
  3424 | D:4      | Noticed Duvessa
  3426 | D:4      | Noticed Dowan
  3443 | D:4      | XOM: silly message
  3447 | D:4      | Reached skill level 1 in Bows
  3449 | D:4      | Killed Dowan
  3450 | D:4      | Killed Duvessa
  3451 | D:4      | Your scales start taking on a golden yellow colour.
  3451 | D:4      | Reached XP level 7. HP: 43/60 MP: 7/7
  3451 | D:4      | Gained mutation: You are resistant to acid. (rCorr) [Yellow
                  | Draconian growth]
  4046 | D:4      | Found a staircase to the Ecumenical Temple.
  4054 | Temple   | Entered the Ecumenical Temple
  4089 | Temple   | XOM: 8-stop teleportation journey
  4133 | Temple   | XOM: 10-stop teleportation journey
  4381 | D:5      | Entered Level 5 of the Dungeon
  4424 | D:5      | XOM: summons 4 hostile demons
  4525 | D:5      | XOM: swap monsters
  4545 | D:5      | XOM: confuse monster(s)
  4597 | D:5      | Reached skill level 5 in Axes
  4680 | D:5      | Reached skill level 1 in Evocations
  4907 | D:5      | XOM: divine lightning
  5053 | D:6      | XOM: destruction
  5057 | D:6      | XOM: fake destruction
  5058 | D:6      | Reached skill level 5 in Fighting
  5075 | D:6      | Reached XP level 8. HP: 25/68 MP: 8/8
  5179 | D:6      | XOM: give mutations
  5179 | D:6      | Gained mutation: You have a pair of small antennae on your
                  | head. [Xom's grace]
  5179 | D:6      | Gained mutation: Your natural rate of healing is unusually
                  | fast. [Xom's grace]
  5248 | D:6      | Noticed a hornet
  5248 | D:6      | a black bear changed into a hornet
  5248 | D:6      | XOM: polymorph black bear -> hornet
  5255 | D:6      | Killed a hornet
  5277 | D:6      | Found Winusm's Antique Armour Shop.
  5347 | D:6      | Identified the +7 ring mail "Xoiqob" {rPois rC++ Str+2
                  | Slay-5}
  5388 | D:6      | Found Veasol's Weapon Shoppe.
  5707 | D:6      | XOM: scenery: create altars
  5715 | D:6      | Reached skill level 5 in Bows
  5716 | D:6      | XOM: summons 2 friendly demons
  5788 | D:6      | XOM: god gift: book of the Hunter
  5967 | D:6      | XOM: fog
  5982 | D:6      | Reached XP level 9. HP: 32/77 MP: 9/9
  6186 | D:6      | XOM: destruction
  6215 | D:6      | Reached skill level 5 in Dodging
  6221 | D:6      | XOM: cast spell 'Summon Ice Beast'
  6233 | D:6      | Noticed a two-headed ogre
  6239 | D:6      | XOM: summons 4 hostile demons
  6556 | D:6      | Found Risy's Weapon Boutique.
  6582 | D:6      | Found Geallihi's Antique Weapon Shop.
  6597 | D:6      | XOM: chaos upgrade
  6608 | D:6      | XOM: torment (39/78 hp)
  6631 | D:6      | XOM: draining
  6688 | D:6      | XOM: 2-stop teleportation journey
  6741 | D:6      | XOM: torment (19/70 hp)
  6757 | D:6      | XOM: noise
  6804 | D:6      | XOM: cast spell 'Monstrous Menagerie'
  6883 | D:6      | XOM: polymorph gnoll -> adder
  6975 | D:6      | XOM: 2-stop teleportation journey
  7098 | D:6      | XOM: enchant monster (good)
  7107 | D:6      | XOM: noise
  7141 | D:6      | XOM: butterfly on damage
  7168 | D:6      | XOM: butterfly on damage
  7170 | D:6      | XOM: confuse monster(s)
  7179 | D:6      | Killed a two-headed ogre
  7323 | D:6      | XOM: confuse monster(s)
  7421 | D:6      | Reached XP level 10. HP: 81/86 MP: 10/10
  7549 | D:6      | XOM: god gift: 13 gold pieces
  7603 | D:6      | XOM: give mutations
  7603 | D:6      | Gained mutation: You have hidden genetic defects. [Xom's
                  | mischief]
  7603 | D:6      | Gained mutation: You are weak. (Str -2) [Xom's mischief]
  7603 | D:6      | Gained mutation: You sometimes lose the ability to read
                  | scrolls when taking damage. [Xom's mischief]
  7779 | D:7      | XOM: silly message
  7794 | D:7      | XOM: silly message
  7881 | D:7      | Noticed Joseph
  7892 | D:7      | XOM: silly message
  7906 | D:7      | XOM: smoke on damage
  7907 | D:7      | Shot with a sling bullet by something

Illustrated notes

Levels and vault maps discovered:
D:1:      lightli_arrival_windingriver, layout_basic,
          shapermc_ecumenical_altar_gd
D:2:      layout_loops_cross
D:3:      kennysheep_slugbush, layout_basic, nicolae_qazlal_style_of_elements
D:4:      layout_loops_ring, minmay_temple_entry_fiery, uniq_duvessa
D:5:      layout_rooms
D:6:      lemuel_castle_with_subvaults [lemuel_castle_interior_carwin_3],
          layout_loops_ring, serial_shops, nicolae_shop_bloodbath_and_beyond,
          nicolae_shop_stone, kennysheep_mini, kennysheep_mini_moat,
          kennysheep_doodads
D:7:      layout_basic, lightli_bailey_entry_fortress, minmay_statues_item,
          palyth_stone_intersect, chequers_serial_rivers_large_a,
          kennysheep_generic_room_10, uniq_prince_ribbit1, uniq_joseph,
          uniq_crazy_yiuf_cottage
Temple:   mainiacjoe_temple_cubbyholes

Skill      XL: |  1  2  3  4  5  6  7  8  9 |
---------------+----------------------------+-----
Fighting       | 4 5 6 7 |  7.7
Axes           | 4 5 6 7 |  7.9
Throwing       | 1 2 3 |  3.0
Dodging        | 3 4 6 |  6.2
Bows           | 3 4 5 6 |  6.9
Evocations     | 1 |  1.9

Action                   |  1- 3 |  4- 6 |  7- 9 | 10-12 || total
-------------------------+-------+-------+-------+-------++-------
Melee: Hand axe          |    66 |    73 |   317 |    38 ||   494
       Tailslap          |     9 |     5 |    35 |     4 ||    53
 Fire: Shortbow          |       |    59 |   125 |     6 ||   190
Throw: Dart              |     7 |    53 |    15 |       ||    75
 Abil: Breathe Acid      |       |       |    20 |     2 ||    22
Evoke: Wand              |       |     6 |     4 |       ||    10
  Use: Potion            |       |       |     9 |     1 ||    10
       Scroll            |       |       |    12 |     3 ||    15
 Stab: Petrifying        |     1 |       |       |       ||     1
       Sleeping          |     1 |       |       |       ||     1
       Paralysed         |       |     5 |     2 |       ||     7
       Confused          |       |       |     2 |       ||     2
Armor: Skin              |    24 |    59 |   149 |     9 ||   241
Dodge: Dodged            |    26 |    89 |   244 |    18 ||   377

Table legend: (Time is in decaauts)
 A = Elapsed time spent in this place.
 B = Non-inter-level travel time spent in this place.
 C = Inter-level travel time spent in this place.
 D = Time resting spent in this place.
 E = Time spent auto-exploring this place.
 F = Levels seen in this place.
 G = Mean time per level.
                   A        B        C        D        E       F      G
               +--------+--------+--------+--------+--------+-----+--------+
         Total |   7991 |   7736 |    255 |   1523 |   4186 |   8 |  998.9 |
       Dungeon |   7691 |   7462 |    229 |   1523 |   3935 |   7 | 1098.7 |
        Temple |    300 |    274 |     26 |      0 |    251 |   1 |  300.0 |
               +--------+--------+--------+--------+--------+-----+--------+

Top non-repeatable levels by time:
     D:6: 2589 daAuts
     D:2: 1368 daAuts
     D:4: 986 daAuts
     D:1: 955 daAuts
     D:3: 870 daAuts
     D:5: 778 daAuts
  Temple: 300 daAuts
     D:7: 141 daAuts
